 Dungeon Crawl Stone Soup version 0.20-a0-1015-g2ec8a95 (webtiles) character file.

21668 Jakanory the Severer (level 12, -4/159 HPs)
             Began as a Minotaur Berserker on Apr 10, 2017.
             Was a High Priest of Trog.
             Slain by an orc warrior
             ... wielding a +0 glaive
             ... led by an orc knight
              (22 damage)
             ... on level 2 of the Orcish Mines on Apr 15, 2017.
             The game lasted 00:47:42 (15015 turns).

Jakanory the Severer (Minotaur Berserker)          Turns: 15015, Time: 00:47:42

Health: -4/159     AC: 22    Str: 28    XL:     12   Next: 56%
Magic:  11/11      EV: 11    Int:  4    God:    Trog [*****.]
Gold:   1792       SH:  0    Dex: 14    Spells: 11/11 levels left

rFire    + . .     SeeInvis .   g - +3 battleaxe (freeze)
rCold    . . .     Gourm    .   (shield currently unavailable)
rNeg     . . .     Faith    .   b - +1 plate armour
rPois    .         Spirit   .   (helmet restricted)
rElec    .         Reflect  .   D - +0 cloak
rCorr    .         Harm     .   (no gloves)
MR       .....                  a - +2 pair of boots
Stlth    ..........             (no amulet)
Regen    0.4/turn               s - ring of protection from fire
MPRegen  0.2/turn               H - ring of flight

@: berserking, very quick
A: retaliatory headbutt, horns 2
a: Berserk, Trog's Hand, Brothers in Arms, Burn Spellbooks, Renounce Religion,
Evoke Flight


You were on level 2 of the Orcish Mines.
You worshipped Trog.
Trog was extremely pleased with you.
You were hungry.

You visited 4 branches of the dungeon, and saw 17 of its levels.

You collected 1792 gold pieces.

Inventory:

Hand Weapons
 g - a +3 battleaxe of freezing (weapon)
 w - a +0 war axe
 y - a +0 fustibalus
Missiles
 h - 464 stones (quivered)
 z - 32 poisoned needles
 C - 7 javelins
Armour
 a - a +2 pair of boots (worn)
 b - a +1 plate armour (worn)
 f - a +0 shield
 t - a +0 pair of boots
 B - a +1 scale mail of fire resistance
 D - a +0 cloak (worn)
Jewellery
 s - a ring of protection from fire (left hand)
 H - a ring of flight (right hand)
Wands
 E - a wand of confusion (26/48)
 G - a wand of polymorph (12/24)
 K - a wand of paralysis (5/24)
Scrolls
 i - 2 scrolls of fog
 j - a scroll of enchant armour
 k - 5 scrolls of magic mapping
 m - 2 scrolls of teleportation
 n - a scroll of blinking
 q - 7 scrolls of remove curse
 F - a scroll of enchant weapon
 M - a scroll of amnesia {unknown}
 P - a scroll of silence {unknown}
Potions
 e - a potion of heal wounds {unknown}
 l - 6 potions of curing
 o - 2 potions of might {unknown}
 r - 2 potions of berserk rage {unknown}
 v - 3 potions of mutation
 x - a potion of lignification {unknown}
 A - 4 potions of degeneration {unknown}
 I - a potion of haste
 O - 2 potions of brilliance {unknown}
 U - a potion of flight {unknown}
Books
 p - a book of Frost

   Spells                             Type                      Level
   a - Freeze                         Ice                          1
   b - Throw Frost                    Conjuration/Ice              2
   c - Ozocubu's Armour               Charms/Ice                   3
   d - Throw Icicle                   Conjuration/Ice              4
   e - Summon Ice Beast               Ice/Summoning                4
   Trog disapproves of the use of such an item.
 L - a book of Frost

   Spells                             Type                      Level
   a - Freeze                         Ice                          1
   b - Throw Frost                    Conjuration/Ice              2
   c - Ozocubu's Armour               Charms/Ice                   3
   d - Throw Icicle                   Conjuration/Ice              4
   e - Summon Ice Beast               Ice/Summoning                4
   Trog disapproves of the use of such an item.
Miscellaneous
 N - a phial of floods
Comestibles
 c - 10 bread rations
 d - 4 chunks of flesh


   Skills:
 - Level 10.0 Fighting
 + Level 15.6 Axes
 - Level 13.0 Armour
 - Level 5.0 Dodging
 - Level 8.1 Shields
 - Level 5.1 Unarmed Combat


You had 11 spell levels left.
You didn't know any spells.

Dungeon Overview and Level Annotations

Branches:
Dungeon (13/15)            Temple (1/1) D:4            Lair (1/6) D:8
    Orc (2/2) D:12            Elf (0/3) Orc:2
 Vaults: D:13-14

Altars:
Ashenzari
Cheibriados
Dithmenos
Elyvilon
Fedhas
Gozag
Hepliaklqana
Kikubaaqudgha
Makhleb
Nemelex Xobeh
Okawaru
Qazlal
Ru
Sif Muna
Trog
Uskayaw
Vehumet
Wu Jian
Xom
Yredelemnul
Zin
The Shining One

Shops:
D:5 (   D:7 %%=}   D:10 }

Portals:
Trove: D:10 (give 2 scrolls of acquirement)

Annotations:
D:11 4 runed doors


Innate Abilities, Weirdness & Mutations

You reflexively headbutt those who attack you in melee.
You have a pair of horns on your head.


Message History

* * * LOW HITPOINT WARNING * * *
The orc knight completely misses you.
You slash the orc knight! You freeze the orc knight.
You headbutt the orc knight!
The orc knight is heavily wounded.
You slash the orc knight! You freeze the orc knight.
The orc priest begins to cast a cantrip, but forgets the words!
An orc warrior comes into view. It is wielding an enchanted battleaxe.
Unknown command.
You slice the orc knight!! You freeze the orc knight.
You kill the orc knight!
Trog accepts your kill.
You hit the orc knight. You freeze the orc knight.
The orc wizard looks encouraged for a moment.
The orc priest miscasts a cantrip.
The orc warrior hits you but does no damage.
The orc knight hits you with a long sword!!
* * * LOW HITPOINT WARNING * * *
The orc warrior hits you from afar with a glaive!!
You die...

##..............
#.#....#.......
####..####.####
##....# ### # ##
##....## ...
##.#.### ....
#.....# .....
####.)#.##
......##oo@oo##.#
.......ooo.......#
........oo..ยง#o.##
.......o.........#
.....#.....#.#....#
..............##.##
...........#.## ##
.....#........#
..............#


You could see an orc knight, 5 orc warriors, 3 orc priests and 2 orc wizards.

Vanquished Creatures
  Harold (Orc:1)
  5 two-headed ogres
  3 orc knights
  2 orc sorcerers
  A manticore (D:11)
  3 cyclopes
  An elephant (D:8)
  A black mamba (Lair:1)
  A spiny frog (Lair:1)
  A centaur skeleton (D:10)
  A komodo dragon (Lair:1)
  A rime drake (Lair:1)
  4 trolls
  2 slime creatures (D:12)
  6 hippogriffs
  Sigmund (D:3)
  A spriggan (D:9)
  7 yaks
  A wyvern (D:12)
  5 humans (D:7)
  A basilisk (D:8)
  Menkaure (D:7)
  2 hungry ghosts
  Edmund (D:6)
  An acid dragon (D:12)
  A porcupine (Lair:1)
  3 water moccasins
  A black bear (D:9)
  An ice beast (D:4)
  10 orc warriors
  A sky beast (D:8)
  2 phantoms
  10 ogres
  4 centaurs
  2 crocodiles
  A big kobold (D:10)
  10 bullfrogs
  A gnoll sergeant (Orc:1)
  2 wyvern zombies
  A wyvern skeleton (D:10)
  3 scorpions
  7 killer bees
  3 wights (D:8)
  A howler monkey (D:6)
  2 crimson imps
  2 centaur zombies
  A quasit (D:8)
  A bullfrog zombie (D:5)
  2 hounds
  11 orc priests
  3 jellies
  17 orc wizards
  3 bullfrog skeletons
  3 iguanas
  Natasha (thrice) (D:4)
  4 worker ants
  2 hound zombies
  2 hound skeletons
  A worker ant zombie (D:8)
  4 gnolls
  2 howler monkey skeletons
  7 adders
  A shadow imp (D:11)
  An ooze (D:1)
  An adder zombie (D:8)
  An adder skeleton (D:5)
  4 worms
  A dart slug (D:1)
  3 leopard geckos
  74 orcs
  12 bats
  8 giant cockroaches
  9 goblins
  12 hobgoblins
  3 jackals (D:3)
  7 quokkas
  A ball python (D:2)
  7 frilled lizards
  2 giant cockroach zombies
  10 kobolds
  2 quokka skeletons (D:6)
  6 rats
353 creatures vanquished.

Vanquished Creatures (collateral kills)
  Sonja (D:11)
1 creature vanquished.

Vanquished Creatures (others)
  A fungus (D:8)
1 creature vanquished.

Grand Total: 355 creatures vanquished

Notes
Turn   | Place    | Note
-------+----------+-------------------------------------------
     0 | D:1      | Jakanory the Minotaur Berserker began the quest for the Orb.
     0 | D:1      | Reached XP level 1. HP: 19/19 MP: 0/0
    35 | D:1      | Reached skill level 4 in Axes
   117 | D:1      | Reached XP level 2. HP: 16/27 MP: 1/1
   655 | D:1      | Reached XP level 3. HP: 29/33 MP: 2/2
  1126 | D:2      | Reached skill level 5 in Axes
  1167 | D:2      | Reached ** piety under Trog
  1216 | D:2      | Reached XP level 4. HP: 31/40 MP: 3/3
  1286 | D:2      | Found an iron altar of Okawaru.
  1929 | D:3      | Reached skill level 6 in Axes
  2069 | D:3      | Found a white marble altar of Elyvilon.
  2150 | D:3      | Reached XP level 5. HP: 31/46 MP: 4/4
  2310 | D:3      | Noticed Sigmund
  2320 | D:3      | Killed Sigmund
  2320 | D:3      | Reached skill level 8 in Axes
  2320 | D:3      | Reached XP level 6. HP: 52/52 MP: 5/5
  2439 | D:3      | Reached skill level 1 in Shields
  2610 | D:3      | Reached *** piety under Trog
  2699 | D:3      | Upgraded the game from 0.20-a0-984-ge8aa303 to 0.20-a0-1015-g2ec8a95
  2705 | D:4      | Noticed an ice beast
  2715 | D:4      | Killed an ice beast
  2865 | D:4      | Reached XP level 7. HP: 59/59 MP: 6/6
  3072 | D:4      | Reached skill level 5 in Armour
  3121 | D:4      | Noticed Natasha
  3132 | D:4      | Killed Natasha
  3234 | D:4      | Found a hazy altar of Hepliaklqana.
  3269 | D:4      | Noticed Natasha
  3273 | D:4      | Killed Natasha
  3566 | D:4      | Found a staircase to the Ecumenical Temple.
  3706 | D:4      | Noticed Natasha
  3713 | D:4      | Killed Natasha
  3733 | Temple   | Entered the Ecumenical Temple
  3875 | D:5      | Entered Level 5 of the Dungeon
  4097 | D:5      | Reached skill level 9 in Axes
  4097 | D:5      | Reached XP level 8. HP: 60/66 MP: 7/7
  4103 | D:5      | Found a glowing golden altar of the Shining One.
  4178 | D:5      | Found Pisibo Ykai's Weapon Emporium.
  4461 | D:6      | Noticed Edmund
  4467 | D:6      | Killed Edmund
  4582 | D:6      | Reached skill level 10 in Axes
  4617 | D:5      | Found an ancient bone altar of Kikubaaqudgha.
  4963 | D:6      | Reached **** piety under Trog
  5021 | D:6      | Reached skill level 5 in Fighting
  5530 | D:7      | Reached skill level 1 in Unarmed Combat
  5546 | D:7      | Got a dazzling dagger
  5559 | D:7      | Found Muymiapre's Jewellery Shoppe.
  5581 | D:7      | Reached XP level 9. HP: 75/75 MP: 8/8
  5587 | D:7      | Reached skill level 11 in Axes
  5674 | D:7      | Found a shimmering altar of Xom.
  5693 | D:7      | Reached skill level 12 in Axes
  6087 | D:7      | Found Jaute's Gadget Shop.
  6094 | D:7      | Found Obuorama's Food Emporium.
  6131 | D:7      | Reached skill level 13 in Axes
  6364 | D:7      | Noticed Menkaure
  6370 | D:7      | Killed Menkaure
  6432 | D:7      | Found Kemitic's Food Emporium.
  6485 | D:7      | Found Likaot's Distillery.
  6936 | D:8      | Reached XP level 10. HP: 70/84 MP: 9/9
  7262 | D:8      | Found a shadowy altar of Dithmenos.
  7262 | D:8      | Found a shattered altar of Ashenzari.
  7462 | D:8      | Noticed an elephant
  7464 | D:8      | Found a staircase to the Lair.
  7474 | D:8      | Killed an elephant
  7750 | Lair:1   | Entered Level 1 of the Lair of Beasts
  7822 | Lair:1   | Reached skill level 10 in Fighting
  7869 | Lair:1   | Noticed a black mamba
  7878 | Lair:1   | Killed a black mamba
  7878 | Lair:1   | Reached ***** piety under Trog
  7996 | Lair:1   | Noticed a spiny frog
  8002 | Lair:1   | Reached skill level 5 in Dodging
  8011 | Lair:1   | Killed a spiny frog
  8231 | Lair:1   | Noticed a four-headed hydra
  8331 | D:9      | Noticed a two-headed ogre
  8342 | D:9      | Killed a two-headed ogre
  8391 | D:9      | Noticed a two-headed ogre
  8396 | D:9      | Killed a two-headed ogre
  8396 | D:9      | Reached skill level 5 in Shields
  8396 | D:9      | Reached XP level 11. HP: 69/99 MP: 10/10
  8689 | D:9      | Noticed a two-headed ogre
  8698 | D:9      | Killed a two-headed ogre
  9219 | D:10     | Entered Level 10 of the Dungeon
  9491 | D:10     | Reached skill level 10 in Armour
  9666 | D:10     | Found Xaof's Gadget Emporium.
  9715 | D:10     | You fall through a shaft for 2 floors!
  9921 | D:11     | Noticed Sonja
  9943 | D:11     | Killed Sonja
 10736 | D:10     | Found a portal to a secret trove of treasure.
 11440 | D:11     | Found a huge runed gate.
 11441 | D:11     | Found a huge runed gate.
 11441 | D:11     | Found a huge runed gate.
 11442 | D:11     | Noticed a death yak
 11443 | D:11     | Found a huge runed gate.
 11461 | D:11     | Noticed a two-headed ogre
 11470 | D:11     | Killed a two-headed ogre
 12841 | D:12     | Reached XP level 12. HP: 94/106 MP: 11/11
 13154 | D:12     | Noticed a two-headed ogre
 13170 | D:12     | Killed a two-headed ogre
 13170 | D:12     | Reached skill level 5 in Unarmed Combat
 13623 | D:12     | Found a staircase to the Orcish Mines.
 13628 | Orc:1    | Entered Level 1 of the Orcish Mines
 13806 | Orc:1    | Reached skill level 14 in Axes
 13863 | Orc:1    | Noticed Harold
 13876 | Orc:1    | Killed Harold
 14314 | Orc:2    | Entered Level 2 of the Orcish Mines
 14336 | Orc:1    | Reached skill level 15 in Axes
 14807 | Orc:2    | Found a staircase to the Elven Halls.
 14996 | Orc:2    | Paralysed by an orc sorcerer for 4 turns
 15003 | Orc:2    | Paralysed by an orc sorcerer for 4 turns
 15015 | Orc:2    | Slain by an orc warrior

Vault maps used:
D:1:      arrival_zaba_pyramid, grunt_decor_arrowhead
D:2:      first_bread, okawaru_gym_becter
D:3:      nicolae_overflow_hidden_temple, st_stairs_9, uniq_sigmund
D:4:      lemuel_doored_altar, minmay_temple_entry_statues,
          kennysheep_small_circle, uniq_natasha
D:5:      lemuel_upstairs_altar, overflow_temple_1_default, serial_shops,
          kennysheep_mini
D:6:      uniq_edmund
D:7:      serial_shops, shop, shop, nicolae_shop_behind_doors, shop,
          nicolae_shop_waterfront, basic_altar, minmay_ruffians, uniq_menkaure
D:8:      gammafunk_temple_overflow_elements, david_lair_generic, serial_glass,
          glass_columns_a, glass_columns_b
D:9:      minmay_goldmine, the_bakery
D:10:     serial_shops, nicolae_shop_waterfront, enter_trove_3
D:11:     lemuel_bear_cage, corner_web_ring, uniq_sonja
D:12:     orc_0_dummy
D:13:     david_vaults_4
Temple:   kb_temple_of_zot
Lair:1:   statuecave_lemuel
Orc:1:    nicolae_orc_pool_cavern, nicolae_orc_rich_vein, uniq_harold
Orc:2:    grunt_orc_tribal_feast

Skill      XL: |  1  2  3  4  5  6  7  8  9 10 11 12 |
---------------+-------------------------------------+-----
Axes           | 4 5 6 8 9 10 13 15 | 15.6
Fighting       | 4 6 10 | 10.0
Armour         | 3 4 7 9 13 | 13.0
Shields        | 3 4 5 8 |  8.1
Unarmed Combat | 2 3 5 |  5.1
Dodging        | 5 |  5.0

Action                   |  1- 3 |  4- 6 |  7- 9 | 10-12 || total
-------------------------+-------+-------+-------+-------++-------
Melee: Hand axe          |    76 |   125 |    42 |       ||   243
       Headbutt          |     9 |    21 |    63 |   177 ||   270
       War axe           |       |       |   256 |   617 ||   873
       Battleaxe         |       |       |       |    67 ||    67
Invok: Berserk           |     1 |     4 |     9 |    12 ||    26
       Burn Spellbooks   |       |       |     1 |     1 ||     2
       Brothers in Arms  |       |       |       |     2 ||     2
Evoke: Wand              |       |       |       |     2 ||     2
  Use: Scroll            |       |       |     1 |    13 ||    14
       Potion            |       |       |       |     1 ||     1
 Stab: Sleeping          |     2 |       |       |       ||     2
  Eat: Chunk             |     2 |     6 |    23 |    25 ||    56
       Fruit             |       |     1 |     3 |     8 ||    12
       Royal jelly       |       |       |       |     3 ||     3
       Meat ration       |       |       |       |     2 ||     2
       Bread ration      |       |       |       |     1 ||     1
Armor: Animal skin       |    23 |    22 |       |       ||    45
       Plate armour      |       |       |   151 |   404 ||   555
Dodge: Dodged            |    49 |    56 |    41 |   187 ||   333
Block: Shield            |       |     8 |   118 |   278 ||   404
